 Dungeon Crawl Stone Soup version 0.25-a0-1007-g10a8c3caa8 (webtiles) character file.

Game seed: 16467858457966058681, levelgen mode: deterministic

15748 Flugslaktarn the Cleaver (level 12, -7/110 HPs)
             Began as a Minotaur Fighter on May 11, 2020.
             Was an Initiate of Gozag.
             Mangled by a death yak (20 damage)
             ... on level 4 of the Lair of Beasts.
             The game lasted 00:06:56 (14817 turns).

Flugslaktarn the Cleaver (Minotaur Fighter)        Turns: 14817, Time: 00:06:57

Health: -7/110     AC: 17    Str: 22    XL:     12   Next: 4%
Magic:  11/11      EV:  7    Int:  5    God:    Gozag
Gold:   1471       SH: 12    Dex: 14    Spells: 11/11 levels left

rFire    . . .     SeeInvis .   m - +3 broad axe (elec)
rCold    . . .     Gourm    .   c - +0 kite shield
rNeg     + . .     Faith    .   v - +1 chain mail
rPois    .         Spirit   .   p - +1 hat
rElec    .         Reflect  .   (no cloak)
rCorr    .         Harm     .   (no gloves)
MR       .....                  f - +2 pair of boots
Stlth    ..........             (no amulet)
HPRegen  0.28/turn              k - ring of positive energy
MPRegen  0.12/turn              (no ring)

@: no status effects
A: retaliatory headbutt, horns 2
a: Potion Petition, Call Merchant, Bribe Branch, Renounce Religion


You were on level 4 of the Lair of Beasts.
You worshipped Gozag.
Gozag was most pleased with you.
You were not hungry.

You visited 3 branches of the dungeon, and saw 15 of its levels.

You collected 2747 gold pieces.
You spent 210 gold pieces at shops.
You paid 1066 gold pieces to Gozag.

Inventory:

Hand Weapons
 m - a +3 broad axe of electrocution (weapon)
   (You bought it in a shop on level 1 of the Lair of Beasts)
Armour
 c - a +0 kite shield (worn)
 f - a +2 pair of boots (worn)
   (You found it on level 1 of the Dungeon)
 p - a +1 hat (worn)
   (You found it on level 1 of the Lair of Beasts)
 v - a +1 chain mail (worn)
   (You took it off an orc warrior on level 6 of the Dungeon)
Jewellery
 g - an uncursed ring of wizardry {unknown}
   (You found it on level 8 of the Dungeon)
 i - an uncursed amulet of the acrobat {unknown}
   (You found it on level 1 of the Lair of Beasts)
 k - a ring of positive energy (left hand)
   (You found it on level 1 of the Dungeon)
 l - an uncursed amulet of the gourmand {unknown}
   (You found it on level 9 of the Dungeon)
 w - an uncursed amulet of guardian spirit {unknown}
   (You found it on level 6 of the Dungeon)
 y - an uncursed ring of flight {unknown}
   (You found it on level 7 of the Dungeon)
 A - an uncursed ring of wizardry {unknown}
   (You found it on level 2 of the Lair of Beasts)
 C - a cursed ring of attention {unknown}
   (You found it on level 3 of the Lair of Beasts)
 F - an uncursed ring of protection from magic {unknown}
   (You found it on level 3 of the Lair of Beasts)
Wands
 a - a wand of paralysis (16)
   (You found it on level 1 of the Lair of Beasts)
 B - a wand of enslavement (18)
   (You found it on level 2 of the Lair of Beasts)
 D - a wand of iceblast (7)
   (You found it on level 3 of the Lair of Beasts)
Scrolls
 b - 4 scrolls of enchant armour
 j - a scroll of noise {unknown}
 r - 3 scrolls of identify
 t - 6 scrolls of teleportation
 x - 4 scrolls of remove curse
Potions
 d - 2 potions of might
 h - 3 potions of haste
 n - 2 potions of resistance
 o - a potion of lignification {unknown}
 q - 3 potions of curing
 s - a potion of magic
 u - 2 potions of mutation
 z - a potion of heal wounds {unknown}
 E - 2 potions of berserk rage {unknown}
Comestibles
 e - 4 rations


   Skills:
 + Level 11.1 Fighting
 * Level 14.4 Axes
 + Level 11.1 Armour
 + Level 11.1 Shields


You had 11 spell levels left.
You didn't know any spells.
Your spell library was empty.

Dungeon Overview and Level Annotations

Branches:
Dungeon (10/15)            Temple (1/1) D:4            Lair (4/6) D:8
  Swamp (0/4) Lair:3        Snake (0/4) Lair:2
    Orc: D:9-12

Altars:
Elyvilon
Fedhas
Gozag
Kikubaaqudgha
Nemelex Xobeh
Qazlal
Uskayaw
Vehumet
Wu Jian
Xom
Zin
The Shining One

Shops:
D:7 (   Lair:1 (

Portals:
Trove: D:10 (give +4 storm dragon scales)

Annotations:
D:5 exclusion: oklob plant
D:9 1 runed translucent door
Lair:2 3 runed translucent doors, Flugslaktarn's ghost, journeyman MiFi


Innate Abilities, Weirdness & Mutations

You reflexively headbutt those who attack you in melee.
You have a pair of horns on your head.


Message History

You barely miss the death yak. You slash the death yak! x2
Lightning courses through the death yak!
You slash the death yak!
Lightning courses through the death yak!
The death yak gores you!! You block the death yak's attack.
The death yak gores you but does no damage.
The death yak gores you. You block the death yak's attack.
You completely miss the death yak.
The death yak is severely wounded.
You hit the death yak.
Lightning courses through the death yak!
You hit the death yak but do no damage.
Lightning courses through the death yak!
You slash the death yak! x2; You block the death yak's attack. x2
The death yak gores you!!
* * * LOW HITPOINT WARNING * * *
The death yak gores you but does no damage.
The death yak gores you!!
You die...
Your body crumbles into a pile of gold.

##....###.
.........##
.........#
........#
#......#
#)..Y..#
#..YYY.#
#.Y@Y.#
##......#
##....P#
#....##
##..## #.#
##


You could see 6 death yaks.

Vanquished Creatures
  An ice dragon (Lair:1)
  A hydra (Lair:3)
  A gargoyle (D:10)
  5 spiny frogs
  5 komodo dragons
  2 bog bodies (Lair:3)
  4 hippogriffs
  9 yaks
  3 basilisks
  A wraith (D:10)
  A steam dragon (D:9)
  3 hungry ghosts
  A soldier ant (D:10)
  5 water moccasins
  5 orc warriors
  7 porcupines
  An ice beast (D:10)
  A sky beast (D:9)
  2 black bears
  9 wolves
  8 ogres
  3 phantoms
  A necrophage (D:9)
  5 centaurs
  3 crocodiles
  2 big kobolds
  Blork the orc (D:4)
  11 bullfrogs
  4 scorpions
  4 howler monkeys
  8 wights
  2 bullfrog zombies
  3 crimson imps
  4 hounds
  3 jellies
  2 bullfrog skeletons (D:5)
  9 orc wizards
  A centaur skeleton (D:4)
  6 orc priests
  8 iguanas
  Natasha (thrice) (D:2)
  8 worker ants
  2 killer bee zombies
  3 hound zombies
  3 hound skeletons
  5 gnolls
  2 worker ant zombies
  7 adders
  2 shadow imps
  An ooze (D:1)
  2 adder skeletons (D:5)
  2 worms
  3 dart slugs
  A leopard gecko (D:2)
  39 orcs
  12 bats
  A bat zombie (D:6)
  4 giant cockroaches
  11 goblins
  A hobgoblin (D:2)
  11 jackals
  5 quokkas
  6 frilled lizards
  A jackal skeleton (D:4)
  16 kobolds
  4 rats
  2 rat zombies (D:6)
  A fungus (Lair:3)
313 creatures vanquished.

Vanquished Creatures (others)
  4 fungi (D:8)
  16 plants
  18 toadstools (D:5)
38 creatures vanquished.

Grand Total: 351 creatures vanquished

Notes
Turn   | Place    | Note
-------+----------+-------------------------------------------
     0 | D:1      | Flugslaktarn the Minotaur Fighter began the quest for the
                  | Orb.
     0 | D:1      | Reached XP level 1. HP: 19/19 MP: 0/0
   137 | D:1      | Reached XP level 2. HP: 27/27 MP: 1/1
   164 | D:1      | Reached skill level 3 in Axes
   276 | D:2      | Noticed Natasha
   284 | D:2      | Killed Natasha
   284 | D:2      | Reached XP level 3. HP: 9/33 MP: 2/2
   796 | D:2      | Reached XP level 4. HP: 34/40 MP: 3/3
   805 | D:2      | Reached skill level 4 in Axes
  1075 | D:2      | Noticed Natasha
  1084 | D:2      | Killed Natasha
  1293 | D:2      | Found a white marble altar of Elyvilon.
  1293 | D:2      | Found a glowing silver altar of Zin.
  1293 | D:2      | Found a glowing golden altar of the Shining One.
  1438 | D:2      | Reached XP level 5. HP: 47/47 MP: 4/4
  1465 | D:2      | Noticed Natasha
  1476 | D:2      | Killed Natasha
  2538 | D:4      | Noticed an ogre
  2544 | D:4      | Killed an ogre
  2544 | D:4      | Reached skill level 5 in Axes
  2544 | D:4      | Reached XP level 6. HP: 55/55 MP: 5/5
  2567 | D:4      | Reached skill level 5 in Armour
  2567 | D:4      | Reached skill level 5 in Shields
  2573 | D:4      | Reached skill level 5 in Fighting
  2931 | D:4      | Found a staircase to the Ecumenical Temple.
  2939 | Temple   | Entered the Ecumenical Temple
  2978 | Temple   | Became a worshipper of Gozag Ym Sagoz the Greedy
  3037 | D:4      | Reached skill level 6 in Axes
  3225 | D:4      | Reached XP level 7. HP: 61/61 MP: 6/6
  3361 | D:4      | Noticed Blork the orc
  3371 | D:4      | Killed Blork the orc
  3576 | D:4      | Reached skill level 7 in Axes
  3907 | D:5      | Entered Level 5 of the Dungeon
  3952 | D:5      | HP: 3/63 [centaur (2)]
  3954 | D:5      | Reached XP level 8. HP: 4/70 MP: 7/7
  4513 | D:5      | Reached skill level 8 in Axes
  5028 | D:5      | Found a blossoming altar of Fedhas.
  5050 | D:5      | Noticed an oklob plant
  5705 | D:6      | Reached skill level 9 in Axes
  5894 | D:6      | Reached XP level 9. HP: 64/79 MP: 8/8
  6571 | D:6      | Found an ancient bone altar of Kikubaaqudgha.
  6978 | D:7      | Reached skill level 10 in Axes
  7214 | D:7      | Found Iciag's Antique Weapon Shoppe.
  8215 | D:8      | Reached skill level 11 in Axes
  8226 | D:8      | Reached XP level 10. HP: 90/90 MP: 9/9
  8669 | D:8      | Found a staircase to the Lair.
  9429 | D:9      | Reached skill level 12 in Axes
  9835 | D:9      | Found a runed translucent door.
  9835 | D:9      | Noticed a seven-headed hydra
  9835 | D:9      | Noticed a fire dragon
  9835 | D:9      | Noticed a deep elf archer
  9837 | D:9      | Noticed a stone giant
  9837 | D:9      | Noticed a deep elf knight
  9837 | D:9      | Noticed a deep elf knight
  9837 | D:9      | Noticed a fire dragon
  9837 | D:9      | Noticed a yaktaur captain
  9838 | D:9      | Found the +4 Cigotuvi's embrace {rRot *Drain rN+}
  9896 | D:10     | Entered Level 10 of the Dungeon
  9949 | D:10     | Found a portal to a secret trove of treasure.
 10805 | D:10     | Noticed a gargoyle
 10817 | D:10     | Killed a gargoyle
 10817 | D:10     | Reached XP level 11. HP: 76/99 MP: 10/10
 11326 | Lair:1   | Entered Level 1 of the Lair of Beasts
 11332 | Lair:1   | Bought a glowing broad axe for 210 gold pieces
 11378 | Lair:1   | Reached skill level 10 in Shields
 11381 | Lair:1   | Reached skill level 10 in Fighting
 11381 | Lair:1   | Reached skill level 10 in Armour
 11381 | Lair:1   | Reached skill level 13 in Axes
 12060 | Lair:1   | Noticed an ice dragon
 12076 | Lair:1   | Killed an ice dragon
 12504 | Lair:1   | Noticed a five-headed hydra
 13230 | Lair:2   | Found a runed translucent gate.
 13549 | Lair:2   | Found a runed translucent gate.
 13549 | Lair:2   | Found a runed translucent gate.
 13551 | Lair:2   | Noticed a 12-headed hydra
 13551 | Lair:2   | Noticed Flugslaktarn's ghost (journeyman MiFi)
 13552 | Lair:2   | Noticed an 11-headed hydra
 13557 | Lair:2   | Found a staircase to the Snake Pit.
 13584 | Lair:2   | Reached skill level 14 in Axes
 13984 | Lair:3   | Noticed a four-headed hydra
 13999 | Lair:3   | Killed an eight-headed hydra
 14024 | Lair:3   | Found a staircase to the Swamp.
 14376 | Lair:3   | Reached XP level 12. HP: 82/110 MP: 11/11
 14810 | Lair:4   | Noticed a death yak
 14810 | Lair:4   | Noticed a death yak
 14810 | Lair:4   | Noticed a death yak
 14810 | Lair:4   | Noticed a death yak
 14810 | Lair:4   | Noticed a death yak
 14810 | Lair:4   | Noticed a death yak
 14817 | Lair:4   | Mangled by a death yak

Illustrated notes

Levels and vault maps discovered:
D:1:      minmay_arrival_four_loops, layout_basic, wad_floor_pattern_untrapped,
          minmay_tetromino_t4
D:2:      kennysheep_big_flooded_room, layout_basic, good_gods_mini_temple,
          uniq_natasha
D:3:      layout_basic, serial_curves, eino_curves_02, eino_curves_03,
          eino_curves_01
D:4:      layout_basic, minmay_temple_entry_mini_moons, first_ration,
          uniq_blork_the_orc
D:5:      layout_cave_pools, tgw_fedhas, minmay_misc_feat_four_crosses
D:6:      minmay_chambers_of_sixes, layout_gridville,
          lemuel_zombie_altar_kikubaaqudgha
D:7:      layout_loops_corners, serial_shops, kennysheep_little_box
D:8:      layout_loops_ring, minmay_lair_entry_grove,
          lightli_ossuary_entry_decrepit_ruins
D:9:      minmay_gate_of_8, layout_cave_pools
D:10:     layout_loops_ring, nicolae_trove_entry_crossroad
Temple:   minmay_crystal_spiral_temple
Lair:1:   dragon1_lemuel, layout_regular_city, grunt_megastairs_3
Lair:2:   layout_hall_layers, guppyfry_snake_entry_garden,
          gammafunk_ghost_hydra_chop
Lair:3:   beast_lair_carwin_large_2, layout_misc_corridors,
          skrybe_swamp_entry_bodies
Lair:4:   layout_cave_pods, special_room [special_room_mythical_zoo],
          gammafunk_ghost_wrathful_warriors, serial_bayou_shore_b,
          minmay_lair_oklob_chamber, serial_bayou_shore_b, grunt_megastairs_2,
          lemuel_fruit_fields, serial_bayou_shore_b, uniq_rupert

Skill      XL: |  1  2  3  4  5  6  7  8  9 10 11 |
---------------+----------------------------------+-----
Axes           | 3 4 5 6 7 9 11 12 14 | 14.4
Fighting       | 4 5 6 7 8 9 11 | 11.1
Armour         | 4 5 6 7 8 9 11 | 11.1
Shields        | 4 5 6 7 8 9 11 | 11.1

Action                   |  1- 3 |  4- 6 |  7- 9 | 10-12 || total
-------------------------+-------+-------+-------+-------++-------
Melee: War axe           |    76 |    94 |   383 |   262 ||   815
       Headbutt          |     7 |    14 |    70 |    94 ||   185
       Unarmed           |       |       |     8 |       ||     8
       Broad axe         |       |       |       |   135 ||   135
Invok: Potion Petition   |       |       |     1 |     1 ||     2
       Call Merchant     |       |       |       |     1 ||     1
Evoke: Wand              |       |       |       |     3 ||     3
  Use: Scroll            |       |       |       |    18 ||    18
       Potion            |       |       |       |     1 ||     1
 Stab: Distracted        |       |       |     4 |     1 ||     5
       Confused          |       |       |     1 |       ||     1
       Paralysed         |       |       |       |     4 ||     4
  Eat: Chunk             |       |     3 |       |       ||     3
       Ration            |       |     1 |     9 |     7 ||    17
Armor: Scale mail        |    34 |    52 |    84 |       ||   170
       Skin              |       |       |     1 |       ||     1
       Chain mail        |       |       |    54 |   189 ||   243
Dodge: Dodged            |    15 |    33 |    83 |    74 ||   205
Block: Kite shield       |    42 |    51 |   180 |   205 ||   478

Table legend:
 A = Non-vault XP
 B = Vault XP
 C = Vault XP percentage of total XP
 D = Non-vault monster count
 E = Vault monster count
 F = Vault count percentage of total count
                 A         B        C        D         E       F
            +---------+---------+-------+---------+---------+-------
      Total |   15911 |    6587 |  29.3 |     266 |      46 |  14.7
            +---------+---------+-------+---------+---------+-------
        D:1 |      22 |      11 |  33.3 |      11 |       4 |  26.7
        D:2 |     130 |      87 |  40.1 |      30 |       3 |   9.1
        D:3 |       5 |       0 |   0.0 |       3 |       0 |   0.0
        D:4 |     844 |     100 |  10.6 |      22 |       1 |   4.3
        D:5 |    1033 |       0 |   0.0 |      37 |       0 |   0.0
        D:6 |     808 |     419 |  34.1 |      25 |       9 |  26.5
        D:7 |     520 |       0 |   0.0 |      12 |       0 |   0.0
        D:8 |    1717 |    1561 |  47.6 |      35 |      12 |  25.5
        D:9 |    1696 |       0 |   0.0 |      31 |       0 |   0.0
       D:10 |    2149 |       0 |   0.0 |      29 |       0 |   0.0
     Lair:1 |    3246 |    2470 |  43.2 |      16 |       8 |  33.3
     Lair:2 |    2119 |       0 |   0.0 |      11 |       0 |   0.0
     Lair:3 |    1622 |    1939 |  54.5 |       4 |       9 |  69.2
            +---------+---------+-------+---------+---------+-------
